 Dungeon Crawl Stone Soup version 0.30-a0-728-gc68057be0a (webtiles) character file.

Game seed: 10396374570007945678

5499 Newt the Thaumaturge (level 10, 0/63 HPs)
             Began as a Demonspawn Gladiator on Jan 30, 2023.
             Was a Believer of Hepliaklqana.
             Slain by baller8008's ghost (14 damage)
             ... on level 8 of the Dungeon.
             The game lasted 00:11:15 (8527 turns).

Newt the Thaumaturge (Demonspawn Gladiator)         Turns: 8527, Time: 00:11:16

Health: 0/63       AC: 12    Str: 16    XL:     10   Next: 42%
Magic:  5/22       EV: 14    Int:  9    God:    Hepliaklqana [**....]
Gold:   135        SH:  5    Dex: 22    Spells: 20/25 levels left

rFire   + . .      SeeInvis .    u - +7 sling of the Moth {freeze, rF+ rCorr Dex+4 Stlth+}
rCold   . . .      Faith    .    F - orb {*Rage}
rNeg    . . .      Spirit   .    I - +0 steam dragon scales
rPois   .          Reflect  +    c - +0 helmet
rElec   .          Harm     .    w - +1 cloak
rCorr   +          Rampage  +    (no gloves)
Will    +....      Rage     20%  L - +1 pair of boots {rampage}
Stlth   +++                      J - amulet of reflection
HPRegen 0.30/turn                f - ring of wizardry
MPRegen 0.36/turn                A - ring of willpower

@: mighty, wereblooded, portalling projectiles
A: reduced essence, claws 1, molten scales 1, spiny 2, magic regeneration
a: Renounce Religion, Recall Ancestor, Ancestor Identity


You were on level 8 of the Dungeon.
You worshipped Hepliaklqana.
Hepliaklqana was pleased with you.
You visited 2 branches of the dungeon, and saw 9 of its levels.

You collected 495 gold pieces.
You spent 360 gold pieces at shops.

Inventory:

Hand Weapons
 a - a +0 rapier
 p - a +3 dagger of venom
 u - the +7 sling of the Moth (weapon) {freeze, rF+ rCorr Dex+4 Stlth+}
   (You found it on level 4 of the Dungeon)

   Dex:       It affects your dexterity (+4).
   rF:        It protects you from fire.
   rCorr:     It protects you from acid and corrosion.
   Stlth:     It makes you more stealthy.
Missiles
 d - 4 throwing nets
 e - 7 javelins
Armour
 b - a +0 leather armour
 c - a +0 helmet (worn)
 h - a +2 robe of fire resistance
 w - a +1 cloak (worn)
 x - a +0 cloak
 F - an orb of wrath (worn)
 I - +0 steam dragon scales (worn)
 L - a +1 pair of boots of rampaging (worn)
Jewellery
 f - a ring of wizardry (left claw)
 j - an amulet of guardian spirit
 k - a ring of ice
 A - a ring of willpower (right claw)
 J - an amulet of reflection (around neck)
 N - a ring of ice
 Q - an amulet of the acrobat
Wands
 y - a wand of paralysis (17)
 C - a wand of flame (12)
Scrolls
 g - 3 scrolls of poison
 i - 2 scrolls of magic mapping
 m - 3 scrolls of noise
 n - 5 scrolls of immolation
 r - a scroll of enchant weapon
 K - 2 scrolls of amnesia
 O - a scroll of fog
Potions
 l - 4 potions of brilliance
 o - 3 potions of heal wounds
 s - 2 potions of ambrosia
 v - a potion of attraction
 z - 2 potions of berserk rage
 B - a potion of resistance {unknown}
 D - 2 potions of mutation {unknown}
 E - 2 potions of curing
 G - 2 potions of degeneration {unknown}
 H - a potion of cancellation {unknown}
 M - a potion of lignification {unknown}
 P - a potion of haste {unknown}


   Skills:
 - Level 4.0 Fighting
 - Level 2.6 Short Blades
 + Level 6.0 Ranged Weapons
 - Level 1.7 Throwing
 - Level 4.0 Dodging
 - Level 2.0 Stealth
 - Level 8.0 Spellcasting
 - Level 7.0 Hexes
 - Level 6.0 Translocations


You had 20 spell levels left.
You knew the following spells:

 Your Spells              Type           Power      Damage    Failure   Level
a - Wereblood             Tmut           3%         N/A       11%         2
b - Portal Projectile     Hex/Tloc       30%        N/A       1%          3

Your spell library contained the following spells:

 Spells                   Type           Power      Damage    Failure   Level
 Blink                    Tloc           28%        N/A       1%          2
 Lesser Beckoning         Tloc           28%        N/A       1%          2
 Confusing Touch          Hex            16%        N/A       1%          3
 Ensorcelled Hibernation  Hex/Ice        18%        N/A       2%          2
 Momentum Strike          Conj/Tloc      18%        3d8       3%          2
 Vhi's Electric Charge    Tloc/Air       18%        N/A       6%          3
 Kiss of Death            Conj/Necr      12%        2d6       8%          1
 Magic Dart               Conj           12%        1d3       8%          1
 Searing Ray              Conj           6%         2d4       11%         2
 Static Discharge         Conj/Air       6%         2-3/arc   11%         2
 Sublimation of Blood     Necr           3%         N/A       11%         2
 Anguish                  Hex/Necr       4%         N/A       16%         4
 Fulminant Prism          Conj/Hex       4%         3d5       16%         4
 Leda's Liquefaction      Hex/Erth       4%         N/A       16%         4
 Call Canine Familiar     Summ           3%         N/A       21%         3
 Ignite Poison            Fire/Tmut/Pois 3%         N/A       21%         3
 Spider Form              Tmut/Pois      3%         N/A       21%         3
 Yara's Violent Unravell  Hex/Tmut       4%         3d4       41%         5
 Dispel Undead            Necr           3%         3d7       54%         4
 Olgreb's Toxic Radiance  Pois           3%         N/A       54%         4
 Petrify                  Tmut/Erth      3%         N/A       54%         4
 Sticky Flame             Conj/Fire      3%         2d3       54%         4
 Arcjolt                  Conj/Air       1%         1d11      86%         5
 Fireball                 Conj/Fire      1%         3d3       86%         5
 Irradiate                Conj/Tmut      1%         3d12      86%         5
 Iskenderun's Battlesphe  Conj           3%         2d6       86%         5
 Lightning Bolt           Conj/Air       1%         1d12      86%         5
 Conjure Ball Lightning   Conj/Air       1%         3x3d6     100%        6
 Orb of Destruction       Conj           1%         9d5       100%        7
 Ozocubu's Refrigeration  Ice            1%         4d7       100%        7
 Summon Hydra             Summ           1%         N/A       100%        7
 Ignition                 Fire           1%         3d3       100%        8
 Necromutation            Tmut/Necr      1%         N/A       100%        8


Dungeon Overview and Level Annotations

Branches:
Dungeon (8/15)             Temple (1/1) D:5
   Lair: D:8-11

Altars:
Ashenzari
Cheibriados
Dithmenos
Fedhas
Gozag
Hepliaklqana
Kikubaaqudgha
Makhleb
Nemelex Xobeh
Okawaru
Ru
Sif Muna
Trog
Uskayaw
Vehumet
Wu Jian
Xom
Yredelemnul

Shops:
D:5 (   D:6 =   D:8 (

Annotations:
D:8 baller8008's ghost, novice TrBe


Innate Abilities, Weirdness & Mutations

Your life essence is reduced to manifest your ancestor. (-10% HP)
You have sharp fingernails.
You are partially covered in molten scales. (AC +2)
You are mostly covered in sharp spines.
You regenerate magic rapidly.


Message History

The orc warrior hits you but does no damage.
Your gnoll barely misses baller8008's ghost.
Your yak gores baller8008's ghost!
You shoot a sling bullet.
The sling bullet hits baller8008's ghost.
The sling bullet freezes baller8008's ghost.
Baller8008's ghost is heavily damaged.
Your gnoll dissolves into shadows!
Baller8008's ghost hits you! You block the orc warrior's attack.
The orc priest hits your yak with a +0 hand axe.
Your yak barely misses baller8008's ghost.
The orc warrior hits you from afar with a +0 trident.
The orc priest calls down the wrath of Beogh upon you.
Beogh smites you!
* * * LOW HITPOINT WARNING * * *
Baller8008's ghost hits you but does no damage.
You feel much better.
Your yak gores baller8008's ghost.
Baller8008's ghost is struck by your spines.
Baller8008's ghost misses you.
The orc warrior hits you from afar with a +0 trident!
Casting: Portal Projectile (safe; 1% risk of failure)
Confirm with . or Enter, or press ? or * to list all spells.
You begin teleporting projectiles to their destination.
Your yak barely misses baller8008's ghost.
The orc warrior hits you from afar with a +0 trident.
Baller8008's ghost hits you!
* * * LOW HITPOINT WARNING * * *
The orc priest is struck by your spines.
The orc priest closely misses you.
Fire: u) +7 sling of the Moth {freeze, rF+ rCorr Dex+4 Stlth+}
Press: ? - help, Q - select action, (/) - cycle Shift-Dir - straight line, f - orc priest, p - baller8008's ghost
Aim: an orc priest, wielding a +0 hand axe (almost dead, 74% to hit)
You magically shoot a sling bullet.
The sling bullet hits the orc priest!
The sling bullet freezes the orc priest.
You feel a bit better.
You kill the orc priest!
Your yak barely misses baller8008's ghost.
Baller8008's ghost screams in joy, "As in life, so in death: Kill!
Kill!!
Kill!!!"
Baller8008's ghost hits you!
You die...

#.##
###.[............)#####
##)#
##.............))....
#)##
##............#####.
##)# ##..........## #.
#.## ##.....##### #.
#.# #.##### ##. ..#
###.# #.. .##
########...###### #..
.# #........@......#
#.. .#
#8......YW)....8# #..
.# #######)o)#######
#.. .## #......)))....#
##.. ..##
#...(#####....# #...
...# #.###..oo.###.#
#... #..###
#.#8#..8..#8#.# #...
##...####.............#
##...
##.....#8...)[_.....8#
#....


You could see an orc warrior, an orc priest, baller8008's ghost (ally target)
and a friendly yak (summoned).

Vanquished Creatures
  A two-headed ogre (D:8)
  Pikel (D:5)
  Maggie (D:6)
  Grinder (D:5)
  3 yaks (D:6)
  Duvessa (D:7)
  2 water moccasins
  2 sky beasts
  An ice beast (D:7)
  3 ogres
  A centaur (D:8)
  4 phantoms
  A lemure (D:5)
  2 kobold brigands (D:7)
  4 bullfrogs
  A necrophage (D:6)
  2 wights (D:8)
  5 killer bees (D:4)
  A howler monkey (D:7)
  A jelly (D:5)
  A gnoll bouda (D:5)
  A hound (D:5)
  8 orc priests
  Ijyb (D:4)
  5 iguanas
  10 orc wizards
  9 gnolls
  8 adders
  A white imp (D:6)
  An ufetubus (D:5)
  6 worms
  4 dart slugs
  48 orcs
  3 bats
  4 endoplasms (D:3)
  3 giant cockroaches
  5 goblins
  8 hobgoblins
  16 kobolds
  5 quokkas
  4 ball pythons
  5 frilled lizards
  5 rats
199 creatures vanquished.

Vanquished Creatures (collateral kills)
  2 orc warriors (D:8)
  3 wights (D:8)
  Dowan (D:7)
  3 orc priests
  An orc wizard (D:6)
  5 orcs
15 creatures vanquished.

Vanquished Creatures (others)
  A wizard (D:3)
  An ancestor (D:7)
  A knight (D:8)
3 creatures vanquished.

Grand Total: 217 creatures vanquished

Notes
Turn   | Place    | Note
-------+----------+-------------------------------------------
     0 | D:1      | Newt the Demonspawn Gladiator began the quest for the Orb.
     0 | D:1      | Reached XP level 1. HP: 16/16 MP: 1/1
    59 | D:1      | Reached skill level 1 in Stealth
   215 | D:1      | Gained mutation: You are partially covered in molten
                  | scales. (AC +2) [demonic ancestry]
   215 | D:1      | Reached XP level 2. HP: 22/22 MP: 2/2
   763 | D:2      | Gained mutation: You are partially covered in sharp spines.
                  | [demonic ancestry]
   763 | D:2      | Reached XP level 3. HP: 15/28 MP: 0/3
  1600 | D:3      | Gained mutation: You are mostly covered in sharp spines.
                  | [demonic ancestry]
  1600 | D:3      | Reached XP level 4. HP: 30/37 MP: 2/4
  1660 | D:3      | Found a bloodstained altar of Trog.
  1718 | D:3      | Learned a level 2 spell: Wereblood
  1805 | D:3      | Noticed a wizard
  1810 | D:3      | Killed a wizard
  2093 | D:4      | Identified the +7 sling of the Moth {freeze, rF+ rCorr
                  | Dex+4 Stlth+}
  2232 | D:4      | Gained mutation: You regenerate magic rapidly. [demonic
                  | ancestry]
  2232 | D:4      | Reached XP level 5. HP: 42/42 MP: 3/5
  2265 | D:4      | Noticed a phantom
  2270 | D:4      | Killed a phantom
  2342 | D:4      | Reached XP level 6. HP: 48/48 MP: 6/6
  2499 | D:4      | Noticed Ijyb
  2505 | D:4      | Reached XP level 7. HP: 48/54 MP: 7/7
  2509 | D:4      | Reached skill level 5 in Ranged Weapons
  2514 | D:4      | Killed Ijyb
  2666 | D:4      | Found a faded altar of an unknown god.
  2666 | D:4      | Found a broken altar of Ashenzari.
  2675 | D:4      | Found a sparkling altar of Nemelex Xobeh.
  2677 | D:4      | Found a shadowy altar of Dithmenos.
  2679 | D:4      | Found a faded altar of an unknown god.
  3287 | D:5      | Entered Level 5 of the Dungeon
  3287 | D:5      | Noticed Grinder
  3287 | D:5      | Found Acanon's Weapon Shop.
  3295 | D:5      | Killed Grinder
  3296 | D:5      | Reached skill level 1 in Spellcasting
  3296 | D:5      | Reached skill level 1 in Hexes
  3296 | D:5      | Reached skill level 1 in Translocations
  3371 | D:5      | Gained mutation: You have sharp fingernails. [demonic
                  | ancestry]
  3371 | D:5      | Reached XP level 8. HP: 53/60 MP: 8/10
  3509 | D:5      | Learned a level 3 spell: Portal Projectile
  3536 | D:5      | Reached skill level 2 in Spellcasting
  4143 | D:5      | Found a staircase to the Ecumenical Temple.
  4191 | Temple   | Entered the Ecumenical Temple
  4226 | Temple   | Became a worshipper of Hepliaklqana the Forgotten
  4402 | D:5      | Noticed Pikel
  4414 | D:5      | Killed Pikel
  4415 | D:5      | Reached skill level 3 in Spellcasting
  4798 | D:6      | Reached skill level 4 in Spellcasting
  4818 | D:6      | Reached XP level 9. HP: 60/65 MP: 12/15
  4887 | D:6      | Found a radiant altar of Vehumet.
  4912 | D:6      | Reached skill level 5 in Hexes
  5512 | D:6      | Reached skill level 5 in Spellcasting
  5603 | D:6      | Reached * piety under Hepliaklqana
  5756 | D:6      | Reached skill level 5 in Translocations
  5757 | D:6      | Noticed Maggie
  5779 | D:6      | Killed Maggie
  5886 | D:6      | Found Muuc's Jewellery Boutique.
  5953 | D:6      | Bought an amulet of reflection for 360 gold pieces
  7108 | D:7      | Noticed Duvessa
  7108 | D:7      | Noticed Dowan
  7116 | D:7      | Killed Dowan
  7117 | D:7      | Reached skill level 6 in Spellcasting
  7117 | D:7      | Reached XP level 10. HP: 62/63 MP: 11/19
  7122 | D:7      | Killed Duvessa
  7244 | D:7      | Got the Handbook of Transmigration
  7520 | D:8      | Noticed a two-headed ogre
  7526 | D:8      | Killed a two-headed ogre
  7618 | D:8      | Reached skill level 7 in Spellcasting
  7629 | D:8      | Found Hiygiske's Antique Weapon Shoppe.
  7967 | D:8      | Found a shimmering altar of Xom.
  7968 | D:8      | Found a shimmering altar of Xom.
  7968 | D:8      | Found a shimmering altar of Xom.
  7968 | D:8      | Found a shimmering altar of Xom.
  7968 | D:8      | Found a shimmering altar of Xom.
  7968 | D:8      | Found a shimmering altar of Xom.
  7968 | D:8      | Found a shimmering altar of Xom.
  7969 | D:8      | Found a shimmering altar of Xom.
  7970 | D:8      | Reached ** piety under Hepliaklqana
  7971 | D:8      | Remembered your ancestor Synnove as a knight
  8007 | D:8      | Found a shimmering altar of Xom.
  8211 | D:8      | Found a runed translucent gate.
  8211 | D:8      | Found a runed translucent gate.
  8211 | D:8      | Found a runed translucent gate.
  8214 | D:8      | Noticed baller8008's ghost (novice TrBe)
  8413 | D:8      | Noticed a manticore
  8520 | D:8      | Reached skill level 8 in Spellcasting
  8527 | D:8      | Slain by baller8008's ghost

Illustrated notes

Levels and vault maps discovered:
D:1:      shiori_arrival_elements, layout_loops_cross
D:2:      layout_basic, minmay_misc_feat_roman, minmay_misc_feat_plants
D:3:      layout_rooms, trog_wizard
D:4:      layout_cave_pods, chequers_temple_overflow_minitemple, uniq_ijyb
D:5:      kb_forest_paths, layout_basic, lemuel_temple_firewalk_b,
          nicolae_stop_n_shop_1, uniq_grinder, uniq_pikel
D:6:      layout_basic, vehumet_altar_wand_db, serial_shops, nicolae_shop_trees,
          kennysheep_crisscross, uniq_maggie
D:7:      layout_basic, uniq_duvessa
D:8:      layout_cave_pods, xom_shifter_show, biasface_ghost_orc_armoury,
          serial_shops, shop_statue, hex_large
Temple:   nicolae_temple_ecumenical_triangle

Skill      XL: |  1  2  3  4  5  6  7  8  9 10 |
---------------+-------------------------------+-----
Stealth        | 1 2 |  2.0
Fighting       | 3 4 |  4.0
Dodging        | 3 4 |  4.0
Ranged Weapons | 2 4 6 |  6.0
Spellcasting   | 1 4 6 8 |  8.0
Hexes          | 1 4 6 7 |  7.0
Translocations | 1 3 5 6 |  6.0
Short Blades   | |  2.6
Throwing       | |  1.7

Action                     |  1- 3 |  4- 6 |  7- 9 | 10-12 || total
---------------------------+-------+-------+-------+-------++-------
  Melee: Rapier            |    97 |       |       |       ||    97
         Punch             |     2 |       |       |       ||     2
         Dagger            |    29 |    26 |       |       ||    55
         Sling             |       |     1 |       |       ||     1
   Fire: Sling             |       |    65 |   288 |    77 ||   430
   Cast: Wereblood         |       |       |     3 |     2 ||     5
         Portal Projectile |       |       |     6 |     5 ||    11
 Invoke: Ancestor Life: Kn |       |       |       |     1 ||     1
    Use: Scroll            |     8 |     3 |     4 |     4 ||    19
         Potion            |       |     2 |       |     3 ||     5
   Stab: Sleeping          |     4 |       |       |       ||     4
 Armour: Leather armour    |    47 |    20 |    12 |       ||    79
         Steam dragon scal |       |       |     4 |     5 ||     9
  Dodge: Dodged            |    65 |    15 |    44 |     6 ||   130
  Block: Orb               |       |       |     4 |     3 ||     7
         Reflection        |       |       |     1 |       ||     1

Table legend: (Time is in decaauts)
 A = Elapsed time spent in this place.
 B = Non-inter-level travel time spent in this place.
 C = Inter-level travel time spent in this place.
 D = Time resting spent in this place.
 E = Time spent auto-exploring this place.
 F = Levels seen in this place.
 G = Mean time per level.
                   A        B        C        D        E       F      G
               +--------+--------+--------+--------+--------+-----+--------+
         Total |   8589 |   8116 |    473 |   1111 |   5797 |   9 |  954.3 |
       Dungeon |   8546 |   8092 |    454 |   1111 |   5779 |   8 | 1068.2 |
        Temple |     42 |     24 |     18 |      0 |     18 |   1 |   42.0 |
               +--------+--------+--------+--------+--------+-----+--------+

Top non-repeatable levels by time:
     D:6: 1484 daAuts
     D:5: 1457 daAuts
     D:4: 1226 daAuts
     D:7: 1224 daAuts
     D:8: 1067 daAuts
     D:2: 821 daAuts
     D:1: 720 daAuts
     D:3: 543 daAuts
  Temple: 42 daAuts
